 Dungeon Crawl Stone Soup version 0.16-a0-3997-g61da7c2 (webtiles) character file.

7 kroki the Gusty (level 2, 0/13 HPs)
             Began as a Vine Stalker Air Elementalist on Feb 13, 2015.
             Slain by a hobgoblin
             ... wielding a +0 club
              (4 damage)
             ... on level 1 of the Dungeon.
             The game lasted 00:00:55 (457 turns).

kroki the Gusty (Vine Stalker Air Elementalist)      Turns: 457, Time: 00:00:55

Health: 0/13       AC:  2    Str: 10    XL:     2   Next: 4%
Magic:  0/5        EV: 12    Int: 15    God:
Gold:   38         SH:  0    Dex: 14    Spells: 1 memorised, 4 levels left

rFire  . . .     SeeInvis .       - Unarmed
rCold  . . .     Clarity  .     a - +0 robe
rNeg   . . .     SustAb   .     (no shield)
rPois  .         Gourm    .     (no helmet)
rElec  .         Spirit   +     (no cloak)
rCorr  .         Warding  .     (no gloves)
rMut   .         Stasis   .     (no boots)
MR     .....                    d - amulet of inaccuracy (curse)
Stlth  ++........               (no ring)
                                (no ring)

@: not resistant to hostile enchantments, unstealthy
A: fangs 2, regeneration 1, magic shield, antimagic bite, no device heal 3, rot
immunity
a: no special abilities


You were on level 1 of the Dungeon.
You were not hungry.

You visited 1 branch of the dungeon, and saw 1 of its levels.

You collected 38 gold pieces.

Inventory:

Hand weapons
 f - a +0 short sword
   (You took it off a kobold on level 1 of the Dungeon)
Armour
 a - a +0 robe (worn)
 e - a +1 hat
   (You found it on level 1 of the Dungeon)
Jewellery
 d - a cursed amulet of inaccuracy (around neck)
   (You found it on level 1 of the Dungeon)
Potions
 g - a potion of restore abilities {unknown}
Books
 b - a book of Air
Comestibles
 c - a bread ration {@e1}


   Skills:
 - Level 1.5 Dodging
 - Level 2.4 Stealth
 + Level 1.4 Unarmed Combat
 - Level 2.3 Spellcasting
 - Level 1.0 Conjurations
 - Level 3.0 Air Magic


You had 4 spell levels left.
You knew the following spells:

 Your Spells              Type           Power        Failure   Level  Hunger
a - Shock                 Conj/Air       #...         12%         1    #......


Dungeon Overview and Level Annotations

Branches:
Dungeon (1/15)

Altars:


Innate Abilities, Weirdness & Mutations

You have extremely sharp teeth.
Your natural rate of healing is unusually fast.
When hurt, damage is shared between your health and your magic reserves.
Your bite disrupts and absorbs the magic of your enemies.
Potions and wands cannot restore your health.
You are immune to rotting.


Message History

The goblin completely misses you.
You miss the goblin.
The kobold throws a stone.
The stone hits you. The goblin hits you.
You take 1 damage, and have 8/9 hp.
You now have 2/3 mp.
You hit the goblin.
You kill the goblin!
Your Unarmed Combat skill increases to level 1!
No target in range!
No target in range!
The kobold throws a stone.
The stone hits you but does no damage.
You see here a stone.
No target in range!
No target in range!
The kobold misses you.
Health restored: 9 You barely miss the kobold.
Your bite misses the kobold. The kobold barely misses you.
You miss the kobold. You bite the kobold, but do no damage.
The kobold closely misses you.
You closely miss the kobold. Your bite misses the kobold. You miss the kobold.
Your bite misses the kobold. The kobold closely misses you.
You hit the kobold but do no damage. The kobold barely misses you.
You miss the kobold. The kobold misses you.
You closely miss the kobold. The kobold hits you with a short sword.
You take 3 damage, and have 6/9 hp.
MASSIVE DAMAGE!!
You now have 1/3 mp.
You barely miss the kobold. You bite the kobold, but do no damage.
The kobold barely misses you.
You closely miss the kobold. The kobold misses you.
You miss the kobold. The kobold barely misses you.
You hit the kobold. The kobold barely misses you.
Unknown command.
You barely miss the kobold. The kobold barely misses you.
You hit the kobold. The kobold hits you with a short sword!
Ouch! That really hurt!
* * * LOW HITPOINT WARNING * * *
You take 5 damage, and have 2/9 hp.
MASSIVE DAMAGE!!
You now have 0/3 mp.
You see here a stone.
You see here 3 stones.
There is an open door here.
Read which item? (? for menu, Esc to quit)
Okay, then.
The kobold hits you but does no damage.
You swing at nothing.
You barely miss the kobold. Your bite misses the kobold.
The kobold barely misses you.
You hit the kobold but do no damage. The kobold hits you with a short sword.
You now have 0/3 mp.
You hit the kobold.
You kill the kobold!
You swing at nothing.
You swing at nothing.
You start resting.
Health restored: 9; MP restored: 3
f - a short sword
There is an open door here.
g - a bubbling white potion You open the door.
There is an open door here.
A giant cockroach comes into view.
A giant cockroach is nearby!
A giant cockroach is nearby!
A giant cockroach is nearby!
A hobgoblin comes into view. It is wielding a club.
The hobgoblin shouts!
You hit the hobgoblin. The hobgoblin hits you with a club.
You take 4 damage, and have 5/9 hp.
MASSIVE DAMAGE!!
You now have 2/3 mp.
The giant cockroach barely misses you. The hobgoblin hits you with a club.
You take 2 damage, and have 3/9 hp.
MASSIVE DAMAGE!!
You now have 1/3 mp.
The giant cockroach bites you but does no damage.
You hit the giant cockroach. The giant cockroach bites you.
You now have 0/3 mp.
You hit the giant cockroach.
The giant cockroach bites you but does no damage.
You hit the giant cockroach.
You bite the giant cockroach, but do no damage.
The giant cockroach barely misses you.
You closely miss the giant cockroach. Your bite misses the giant cockroach.
The giant cockroach closely misses you.
You barely miss the giant cockroach. Your bite misses the giant cockroach.
The giant cockroach misses you.
You closely miss the giant cockroach. Your bite misses the giant cockroach.
The giant cockroach bites you.
The giant cockroach bites you but does no damage.
You hit the giant cockroach but do no damage.
The giant cockroach barely misses you.
You hit the giant cockroach.
You kill the giant cockroach!
You have reached level 2!
You barely miss the hobgoblin. The hobgoblin hits you with a club.
You die...

##.### ##. ### #.# #. ..# #.#
#. #.# #.# #.# ##+ .. #.# #.#
##.. . #. #.# #.## ##...
#.###.##.# #..## ##....
#........#########...####.....
+..)........g@..........'.....
##...[......######...####.....
#.........#.# ###..## ##....
#.........#.# #...## ##...
#.........#.# #..รท# ##..
##.......##.# #...# ##'
##....!....# ##.## #.
##...#.#### ##.### #. #####.#
#....# ##.


You could see a hobgoblin.

Vanquished Creatures
  A giant cockroach (D:1)
  A hobgoblin (D:1)
  2 kobolds (D:1)
  A bat (D:1)
  A giant newt (D:1)
  A goblin (D:1)
7 creatures vanquished.

Notes
Turn   | Place    | Note
--------------------------------------------------------------
     0 | D:1      | kroki, the Vine Stalker Air Elementalist, began the quest for the Orb.
     0 | D:1      | Reached XP level 1. HP: 9/9 MP: 3/3
   343 | D:1      | Reached skill level 1 in Unarmed Combat
   359 | D:1      | HP: 2/9 [kobold/short sword (5)]
   456 | D:1      | Reached XP level 2. HP: 4/13 MP: 0/5
   457 | D:1      | Slain by a hobgoblin

Action                   || total
-------------------------++-------
Melee: Unarmed           ||    54
  Use: Scroll            ||     1
 Stab: Sleeping          ||     1

Vault maps used:
D:1:      saegor_arrival_simple_a

Table legend:
 A = Turns spent in this place as a percentage of turns spent in the entire game.
 B = Non-inter-level travel turns spent in this place as a percentage of non-inter-level travel turns spent in the entire game.
 C = Inter-level travel turns spent in this place as a percentage of turns spent in this place.
 D = Turns resting spent in this place as a percentage of non-inter-level travel turns spent in this place.
 E = Turns spent auto-exploring this place as a percentage of non-inter-level travel turns spent in this place.
 F = Non-inter-level travel turns spent in this place divided by the number of levels of this place that you've seen.
                   A       B       C       D       E      F
               +-------+-------+-------+-------+-------+----------------------
         Total | 100.0 | 100.0 |   0.0 |   4.0 |   6.3 | 175.0
       Dungeon | 100.0 | 100.0 |   0.0 |   4.0 |   6.3 | 175.0
               +-------+-------+-------+-------+-------+----------------------

Table legend:
 A = Kills in this place as a percentage of kills in entire the game.
 B = Kills by you in this place as a percentage of kills by you in the entire game.
 C = Kills by friends in this place as a percentage of kills by friends in the entire game.
 D = Other kills in this place as a percentage of other kills in the entire game.
 E = Experience gained in this place as a percentage of experience gained in the entire game.
 F = Experience gained in this place divided by the number of levels of this place that you have seen.
                   A       B       C       D       E      F
               +-------+-------+-------+-------+-------+----------------------
         Total | 100.0 | 100.0 |  -nan |  -nan | 100.0 |  11.0
       Dungeon | 100.0 | 100.0 |  -nan |  -nan | 100.0 |  11.0
               +-------+-------+-------+-------+-------+----------------------
